 Dungeon Crawl Stone Soup version 0.24.1-1-gd1d2a07e1b (webtiles) character file.

Game seed: 4838095591994892067, levelgen mode: deterministic

14 lepoulpe303 the Ruffian (level 2, -3/23 HPs)
             Began as a Draconian Transmuter on Apr 10, 2020.
             Slain by a kobold
             ... wielding a +1 dagger of distortion
              (25 damage)
             ... on level 1 of the Dungeon.
             The game lasted 00:03:12 (527 turns).

lepoulpe303 the Ruffian (Draconian Transmuter)       Turns: 527, Time: 00:03:12

Health: -3/23      AC:  4    Str: 12    XL:     2   Next: 31%
Magic:  4/5        EV: 12    Int: 13    God:
Gold:   17         SH:  0    Dex: 11    Spells: 2/5 levels left

rFire    . . .     SeeInvis .     - Unarmed
rCold    . . .     Gourm    .   (no shield)
rNeg     . . .     Faith    .   (armour unavailable)
rPois    .         Spirit   .   (helmet restricted)
rElec    .         Reflect  .   (no cloak)
rCorr    .         Harm     .   (no gloves)
MR       .....                  (boots currently unavailable)
Stlth    +.........             (no amulet)
HPRegen  0.07/turn              (no ring)
MPRegen  0.09/turn              (no ring)

@: appendage
A: unfitting armour, talons 3, cold-blooded, AC +4
a: End Transformation


You were on level 1 of the Dungeon.
You were not hungry.
You had grown temporary talons.
You visited 1 branch of the dungeon, and saw 1 of its levels.

You collected 17 gold pieces.

Inventory:

Hand Weapons
 b - a +0 hand axe
Missiles
 Q - 12 arrows
Scrolls
 a - 2 scrolls of identify {unknown}
Potions
 d - a potion of agility {unknown}
Comestibles
 e - 4 rations


   Skills:
 + Level 1.4 Fighting
 + Level 2.0 Dodging
 + Level 3.1 Unarmed Combat
 * Level 2.2 Spellcasting
 * Level 2.2 Transmutations


You had 2 spell levels left.
You knew the following spells:

 Your Spells              Type           Power        Failure   Level  Hunger
a - Beastly Appendage     Tmut           #.....       10%         1    ##.....
s - Sticks to Snakes      Tmut           #.......     16%         2    ###....

Your spell library contained the following spells:

 Spells                   Type           Power        Failure   Level  Hunger
 Spider Form              Tmut/Pois      #.........   43%         3    ####...
 Ice Form                 Ice/Tmut       #.......     83%         4    #####..
 Blade Hands              Tmut           #.........   95%         5    ######.


Dungeon Overview and Level Annotations

Branches:
Dungeon (1/15)

Altars:


Innate Abilities, Weirdness & Mutations

Your plain brown scales are hard. (AC +4)
You cannot fit into any form of body armour.
You are cold-blooded and may be slowed by cold attacks.
You have claws for feet.


Message History

The bat closely misses you. The bat barely misses you.
You hit the bat.
You kill the bat!
e - 4 rations (gained 1)
A kobold comes into view.
It is wielding a +1 dagger of distortion.
The kobold shouts!
The kobold throws a stone.
The stone hits you.
Things that are here:
a stone; a bat corpse You take 2 damage, and have 21/23 hp.
All of the chunks of flesh in your inventory have rotted away.
The kobold throws a stone.
The stone closely misses you.
A goblin comes into view. It is wielding a +0 club.
Your feet morph into talons.
The goblin shouts!
You now have 4/5 mp.
You closely miss the kobold. The kobold hits you but does no damage.
Space warps horribly around you!!
Ouch! That really hurt!
You die...

#.#####.....
#........#+##
#[..........#
+...........#
#...........#
#(.(........#
##...........#
##............#
.........@K...?.#
###+#######.....#
.....# ....# ...#
.# #


You could see a kobold.

Levels and vault maps discovered:
D:1:      psy_arrival_heroes, layout_basic, minmay_door_square

Notes
Turn   | Place    | Note
-------+----------+-------------------------------------------
     0 | D:1      | lepoulpe303 the Draconian Transmuter began the quest for
                  | the Orb.
     0 | D:1      | Reached XP level 1. HP: 16/16 MP: 3/3
    43 | D:1      | Identified a +0 hand axe (You found it on level 1 of the
                  | Dungeon)
   267 | D:1      | Identified a +0 short sword
   326 | D:1      | Reached XP level 2. HP: 22/23 MP: 3/5
   410 | D:1      | Reached skill level 2 in Dodging
   419 | D:1      | Learned a level 2 spell: Sticks to Snakes
   521 | D:1      | Identified a +1 dagger of distortion
   525 | D:1      | Identified a +0 club
   527 | D:1      | Slain by a kobold

Table legend:
 A = Turns spent in this place as a percentage of turns spent in the entire game.
 B = Non-inter-level travel turns spent in this place as a percentage of non-inter-level travel turns spent in the entire game.
 C = Inter-level travel turns spent in this place as a percentage of turns spent in this place.
 D = Turns resting spent in this place as a percentage of non-inter-level travel turns spent in this place.
 E = Turns spent auto-exploring this place as a percentage of non-inter-level travel turns spent in this place.
 F = Non-inter-level travel turns spent in this place divided by the number of levels of this place that you've seen.
                   A       B       C       D       E      F
               +-------+-------+-------+-------+-------+----------------------
         Total | 100.0 | 100.0 |   0.0 |  64.7 |  16.1 | 527.0
       Dungeon | 100.0 | 100.0 |   0.0 |  64.7 |  16.1 | 527.0
               +-------+-------+-------+-------+-------+----------------------

Table legend:
 A = Kills in this place as a percentage of kills in entire the game.
 B = Kills by you in this place as a percentage of kills by you in the entire game.
 C = Kills by friends in this place as a percentage of kills by friends in the entire game.
 D = Other kills in this place as a percentage of other kills in the entire game.
 E = Experience gained in this place as a percentage of experience gained in the entire game.
 F = Experience gained in this place divided by the number of levels of this place that you have seen.
                   A       B       C       D       E      F
               +-------+-------+-------+-------+-------+----------------------
         Total | 100.0 | 100.0 |   N/A |   N/A | 100.0 |  21.0
       Dungeon | 100.0 | 100.0 |   N/A |   N/A | 100.0 |  21.0
               +-------+-------+-------+-------+-------+----------------------

Skill      XL: |  1  2 |
---------------+-------+-----
Dodging        | 2 |  2.0
Fighting       | |  1.4
Unarmed Combat | |  3.1
Spellcasting   | |  2.2
Transmutations | |  2.2

Action                   || total
-------------------------++-------
Melee: Unarmed           ||    35
       Hand axe          ||     7
       Kick              ||     4
       Headbutt          ||     2
       Tailslap          ||     1
 Cast: Beastly Appendage ||     7
Armor: Skin              ||    16
Dodge: Dodged            ||    31

Vanquished Creatures
  An ooze (D:1)
  A ball python (D:1)
  A bat (D:1)
  2 giant cockroaches (D:1)
  A goblin (D:1)
  A jackal (D:1)
  A kobold (D:1)
  A rat (D:1)
9 creatures vanquished.
